 Dungeon Sprint DCSS version 0.21-a0-297-ga3d34c2 (webtiles) character file.

6285 potatolord6000 the Devastator (level 10, -5/70 HPs)
             Began as a Tengu Conjurer on Sept 28, 2017.
             Was a High Priest of Sif Muna.
             Slain by a death knight
             ... wielding a +0 morningstar
              (19 damage)
             ... in the Dungeon (Sprint VII: "The Pits").
             The game lasted 00:12:49 (2373 turns).

potatolord6000 the Devastator (Tengu Conjurer)      Turns: 2373, Time: 00:12:50

Health: -5/70      AC:  7    Str: 16    XL:     10   Next: 94%
Magic:  5/25       EV: 29    Int: 18    God:    Sif Muna [*****.]
Gold:   0          SH:  0    Dex: 23    Spells: 8/30 levels left

rFire    . . .     SeeInvis +   v - +2 scimitar of Conscience {drain, Str+2 SInv}
rCold    . . .     Gourm    .   (no shield)
rNeg     . . .     Faith    .   a - +0 robe
rPois    .         Spirit   .   (helmet restricted)
rElec    .         Reflect  .   q - +0 cloak
rCorr    .         Harm     .   w - +0 pair of gloves
MR       .....     NoTele   +   (boots unavailable)
Stlth    +++.......             (no amulet)
HPRegen  0.21/turn              j - +3 ring of dexterity
MPRegen  0.19/turn              r - +3 ring of protection

@: mighty, agile, berserk cooldown, hasted and slowed
A: beak, talons 3, able to fly 1
a: Fly, Divine Energy, Channel Magic, Forget Spell, Renounce Religion


You were in the Dungeon.
You worshipped Sif Muna.
Sif Muna was extremely pleased with you.
You were not hungry.

You visited 1 branch

Inventory:

Hand Weapons
 v - the +2 scimitar of Conscience (weapon) {drain, Str+2 SInv}
   (You found it in the Dungeon)

   A truly terrible weapon, it drains the life of those it strikes.
   It affects your strength (+2).
   It lets you see invisible.
Armour
 a - a +0 robe (worn)
 q - a +0 cloak (worn)
 w - a +0 pair of gloves (worn)
Jewellery
 j - a +3 ring of dexterity (left hand)
 r - a +3 ring of protection (right hand)
Scrolls
 i - a scroll of blinking
 k - 3 scrolls of remove curse
 l - 4 scrolls of amnesia
 m - a scroll of summoning
Potions
 d - 4 potions of curing
 f - a potion of haste
 g - 3 potions of magic
 p - 2 potions of invisibility
 u - a potion of brilliance
Books
 b - a book of Conjurations

   Spells                             Type                      Level
   a - Magic Dart                     Conjuration                  1
   b - Searing Ray                    Conjuration                  2
   c - Dazzling Spray                 Conjuration/Hexes            3
   d - Fulminant Prism                Conjuration/Hexes            4
   e - Force Lance                    Conjuration/Translocation    4
   f - Iskenderun's Mystic Blast      Conjuration                  4
 x - a book of Power

   Spells                             Type                      Level
   a - Iskenderun's Battlesphere      Conjuration/Charms           5
   b - Venom Bolt                     Conjuration/Poison           5
   c - Bolt of Magma                  Conjuration/Fire/Earth       5
   d - Iron Shot                      Conjuration/Earth            6
   e - Orb of Destruction             Conjuration                  7
   f - Spellforged Servitor           Conjuration/Summoning        7
Comestibles
 c - 8 bread rations
 n - 40 fruits
 o - 5 meat rations


   Skills:
 + Level 11.5 Fighting
 + Level 12.4 Long Blades
 + Level 12.6 Dodging
 - Level 2.0 Stealth
 + Level 10.8 Spellcasting
 + Level 15.2 Conjurations


You had 8 spell levels left.
You knew the following spells:

 Your Spells              Type           Power        Failure   Level  Hunger
a - Iskenderun's Mystic   Conj           ######..     1%          4    ##.....
b - Searing Ray           Conj           ######       1%          2    None
c - Force Lance           Conj/Tloc      #####...     3%          4    ##.....
d - Iskenderun's Battles  Conj/Chrm      #####...     9%          5    #####..
e - Orb of Destruction    Conj           ######....   12%         7    #######


Dungeon Overview and Level Annotations

Branches:
Dungeon (1/1)

Altars:
Ashenzari
Cheibriados
Dithmenos
Elyvilon
Fedhas
Gozag
Hepliaklqana
Kikubaaqudgha
Makhleb
Nemelex Xobeh
Okawaru
Qazlal
Ru
Sif Muna
Trog
Uskayaw
Vehumet
Wu Jian
Xom
Yredelemnul
Zin
The Shining One
Beogh
Jiyva
Lugonu


Innate Abilities, Weirdness & Mutations

You have a beak for a mouth.
You have claws for feet.
You can fly.


Message History

You slash the death knight! You drain the death knight!
The death knight is moderately wounded.
The death knight reflects your damage back at you!
Unknown command.
You barely miss the death knight. You claw the death knight!
The death knight is heavily wounded.
The death knight reflects your damage back at you!
* * * LOW HITPOINT WARNING * * *
The death knight hits you with a morningstar!
* * * LOW HITPOINT WARNING * * *
The killer bee closely misses itself.
You feel much better.
The death knight's dark mirror aura disappears.
The yak barely misses you.
You riposte.
You slash the yak! You claw the yak! You peck the yak, but do no damage.
The yak is severely wounded.
The yak gores you!
* * * LOW HITPOINT WARNING * * *
The death knight hits you with a morningstar!!
You die...

##..#.)##...## +...#
##.)#..#.....# #.H.#
##..)..+.....+ +...+
##..#..#.....# #...#
##÷.#..##...# '.Y.#
##..##.÷##'## ##Y..##
##...##÷))..+ ##.†[..#
##....###).†###pYY#...#
##......#.†.+)y.@## ..#
################## #


You could see a death knight, a hippogriff (confused), 4 yaks and a killer bee
(confused).

Vanquished Creatures
  A spriggan druid (D)
  A lindwurm (D)
  An orc knight (D)
  An efreet (D)
  2 komodo dragons (D)
  A hornet (D)
  A blink frog (D)
  2 snapping turtles (D)
  A redback (D)
  A shadow (D)
  A wyvern (D)
  A spriggan (D)
  2 fire bats (D)
  4 yaks (D)
  3 vampire mosquitoes (D)
  An acid dragon (D)
  A floating eye (D)
  A porcupine (D)
  2 orc warriors (D)
  A phantom (D)
  6 wolves (D)
  A big kobold (D)
  A bullfrog (D)
  2 killer bees (D)
  3 orc priests (D)
  A hell rat (D)
  2 orc wizards (D)
  3 worker ants (D)
  2 gnolls (D)
  A worm (D)
  5 orcs (D)
  A bat zombie (D)
  A giant cockroach (D)
  3 jackals (D)
  A bat (D)
  A frilled lizard (D)
  A kobold (D)
  A quokka zombie (D)
  A rat (D)
66 creatures vanquished.

Vanquished Creatures (others)
  A swamp drake (D)
1 creature vanquished.

Grand Total: 67 creatures vanquished

Notes
Turn   | Place    | Note
-------+----------+-------------------------------------------
     0 | D        | potatolord6000 the Tengu Conjurer began the quest for the Orb.
     0 | D        | Reached XP level 1. HP: 10/10 MP: 4/4
    11 | D        | Noticed a floating eye
    15 | D        | Paralysed by a floating eye for 3 turns
    18 | D        | Found a bloodstained altar of Trog.
    18 | D        | Found a deep blue altar of Sif Muna.
    18 | D        | Found a viscous altar of Jiyva.
    18 | D        | Found a hazy altar of Hepliaklqana.
    18 | D        | Found an opulent altar of Gozag.
    19 | D        | Found a glowing golden altar of the Shining One.
    19 | D        | Found a glowing silver altar of Zin.
    19 | D        | Found a basalt altar of Yredelemnul.
    19 | D        | Found a shimmering altar of Xom.
    19 | D        | Found an ornate altar of the Wu Jian Council.
    19 | D        | Found a sacrificial altar of Ru.
    19 | D        | Found a stormy altar of Qazlal.
    19 | D        | Found an iron altar of Okawaru.
    19 | D        | Found a sparkling altar of Nemelex Xobeh.
    19 | D        | Found a burning altar of Makhleb.
    19 | D        | Found a blossoming altar of Fedhas.
    19 | D        | Found a white marble altar of Elyvilon.
    19 | D        | Found a shadowy altar of Dithmenos.
    19 | D        | Found a snail-covered altar of Cheibriados.
    21 | D        | Paralysed by a floating eye for 4 turns
    25 | D        | Found a corrupted altar of Lugonu.
    25 | D        | Found a radiant altar of Vehumet.
    25 | D        | Found a roughly hewn altar of Beogh.
    26 | D        | Found an ancient bone altar of Kikubaaqudgha.
    26 | D        | Found a hide-covered altar of Uskayaw.
    26 | D        | Found a shattered altar of Ashenzari.
    27 | D        | Became a worshipper of Sif Muna the Loreminder
    28 | D        | Paralysed by a floating eye for 3 turns
    35 | D        | Paralysed by a floating eye for 3 turns
    41 | D        | Paralysed by a floating eye for 2 turns
    47 | D        | Paralysed by a floating eye for 2 turns
    52 | D        | Killed a floating eye
    52 | D        | Reached * piety under Sif Muna
    52 | D        | Reached skill level 7 in Conjurations
    52 | D        | Reached XP level 2. HP: 20/20 MP: 5/8
    52 | D        | Reached XP level 3. HP: 24/24 MP: 5/9
    52 | D        | Reached XP level 4. HP: 29/29 MP: 6/11
    66 | D        | Learned a level 2 spell: Searing Ray
    72 | D        | Learned a level 4 spell: Iskenderun's Mystic Blast
    77 | D        | Learned a level 4 spell: Force Lance
   168 | D        | Reached skill level 5 in Dodging
   168 | D        | Gained mutation: You can fly. [Tengu growth]
   168 | D        | Reached XP level 5. HP: 32/33 MP: 8/12
   170 | D        | Reached skill level 8 in Conjurations
   247 | D        | Noticed a porcupine
   251 | D        | Killed a porcupine
   251 | D        | Reached ** piety under Sif Muna
   251 | D        | Reached skill level 5 in Fighting
   251 | D        | Reached skill level 5 in Long Blades
   251 | D        | Reached skill level 5 in Spellcasting
   251 | D        | Reached XP level 6. HP: 25/40 MP: 12/14
   253 | D        | Reached skill level 9 in Conjurations
   551 | D        | Noticed a fire bat
   565 | D        | Reached *** piety under Sif Muna
   570 | D        | Killed a fire bat
   570 | D        | Reached skill level 10 in Conjurations
   570 | D        | Reached XP level 7. HP: 45/47 MP: 9/17
   828 | D        | Noticed a fire bat
   832 | D        | Killed a fire bat
   832 | D        | Reached **** piety under Sif Muna
   905 | D        | Noticed a snapping turtle
   921 | D        | Killed a snapping turtle
   921 | D        | Reached skill level 11 in Conjurations
   921 | D        | Reached XP level 8. HP: 31/53 MP: 4/19
  1211 | D        | Noticed an efreet
  1211 | D        | Noticed a komodo dragon
  1214 | D        | Killed a komodo dragon
  1218 | D        | Killed an efreet
  1218 | D        | Reached ***** piety under Sif Muna
  1218 | D        | Received a gift from Sif Muna
  1218 | D        | Reached skill level 12 in Conjurations
  1228 | D        | Identified Sif Muna's Tome of Shifting Lightness (Sif Muna gifted it to you in the Dungeon)
  1263 | D        | Got the +2 scimitar of Conscience {drain, Str+2 SInv}
  1400 | D        | Noticed a komodo dragon
  1404 | D        | Killed a komodo dragon
  1404 | D        | Reached skill level 10 in Dodging
  1404 | D        | Reached XP level 9. HP: 60/60 MP: 5/22
  1528 | D        | Reached skill level 10 in Long Blades
  1684 | D        | Noticed an orc knight
  1694 | D        | Killed an orc knight
  1694 | D        | Reached skill level 13 in Conjurations
  1822 | D        | Reached skill level 10 in Fighting
  1946 | D        | Received a gift from Sif Muna
  1946 | D        | Reached XP level 10. HP: 54/68 MP: 3/24
  1963 | D        | Reached skill level 14 in Conjurations
  1981 | D        | Learned a level 5 spell: Iskenderun's Battlesphere
  1989 | D        | Learned a level 7 spell: Orb of Destruction
  2117 | D        | Noticed a spriggan druid
  2122 | D        | Killed a spriggan druid
  2122 | D        | Reached skill level 10 in Spellcasting
  2137 | D        | Noticed a lindwurm
  2149 | D        | Killed a lindwurm
  2347 | D        | Identified Sif Muna's Guide on Confrontation (Sif Muna gifted it to you in the Dungeon)
  2347 | D        | Received a gift from Sif Muna
  2349 | D        | Reached skill level 15 in Conjurations
  2360 | D        | Noticed a death knight
  2372 | D        | HP: 3/70 [death knight/morningstar (12)]
  2373 | D        | Slain by a death knight

Vault maps used:
D:        pitsprint

Skill      XL: |  1  2  3  4  5  6  7  8  9 10 |
---------------+-------------------------------+-----
Fighting       | 3 4 5 6 7 8 10 11 | 11.5
Long Blades    | 4 5 7 8 9 11 12 | 12.4
Dodging        | 4 5 6 7 8 10 11 12 | 12.6
Spellcasting   | 4 5 6 7 8 9 10 | 10.8
Conjurations   | 7 8 10 11 12 13 15 | 15.2
Stealth        | |  2.0

Action                   |  1- 3 |  4- 6 |  7- 9 | 10-12 || total
-------------------------+-------+-------+-------+-------++-------
Melee: Falchion          |     4 |    17 |       |       ||    21
       Peck              |     1 |     3 |    13 |     7 ||    24
       Kick              |     1 |     2 |    21 |    18 ||    42
       Long sword        |       |     1 |    29 |       ||    30
       Scimitar          |       |       |    19 |    41 ||    60
 Cast: Searing Ray       |       |     3 |     6 |     1 ||    10
       Iskenderun's Myst |       |     1 |    23 |     9 ||    33
       Force Lance       |       |     1 |    10 |     1 ||    12
       Iskenderun's Batt |       |       |       |     2 ||     2
  Use: Scroll            |       |     1 |       |       ||     1
       Potion            |       |     3 |     7 |     8 ||    18
 Stab: Sleeping          |       |     1 |       |       ||     1
       Confused          |       |       |       |     1 ||     1
  Eat: Meat ration       |       |       |     2 |       ||     2
Armor: Robe              |       |     1 |     4 |     5 ||    10
Dodge: Dodged            |       |    20 |    59 |    60 ||   139
       Rpst.: Falchion   |       |     4 |       |       ||     4
       Long sword        |       |     3 |     9 |       ||    12
       Scimitar          |       |       |    10 |    18 ||    28

Table legend:
 A = Spawn XP
 B = Non-spawn XP
 C = Spawn XP percentage of total XP
 D = Spawn monster count
 E = Non-spawn monster count
 F = Spawn count percentage of total count
 G = Total turns spent on level
                    A         B        C        D         E        F      G
               +---------+---------+-------+---------+---------+-------+---------
         Total |       0 |    8979 |   0.0 |       0 |      67 |   0.0 |  2373
               +---------+---------+-------+---------+---------+-------+---------
             D |       0 |    8979 |   0.0 |       0 |      67 |   0.0 |  2373
               +---------+---------+-------+---------+---------+-------+---------
